 Dungeon Crawl Stone Soup version 0.28-a0-476-g0f06bd746f (webtiles) character file.

Game seed: 4948078864813171201

189 spiderkeys the Skirmisher (level 5, -7/37 HPs)
             Began as an Octopode Abyssal Knight on Sept 17, 2021.
             Was a Follower of Lugonu.
             Mangled by an ancient zyme (10 damage)
             ... on level 4 of the Abyss.
             The game lasted 00:01:06 (99 turns).

spiderkeys the Skirmisher (Octopode Abyssal Knight)   Turns: 99, Time: 00:01:06

Health: -7/37      AC:  1    Str: 12    XL:     5   Next: 68%
Magic:  2/7        EV: 17    Int: 15    God:    Lugonu [*.....]
Gold:   0          SH:  0    Dex: 11    Spells: 4/4 levels left

rFire   . . .      SeeInvis .   a - +1 spear
rCold   . . .      Faith    .   (no shield)
rNeg    . . .      Spirit   .   (helmet restricted)
rPois   .          Reflect  .   (no amulet)
rElec   .          Harm     .   E - +4 ring of evasion
rCorr   .          Rampage  .   (no ring)
Will    .....                   (no ring)
Stlth   ++........              (no ring)
HPRegen 0.00/turn               (no ring)
MPRegen 0.10/turn               (no ring)
                                (no ring)
                                (no ring)

@: diseased
A: almost no armour, amphibious, 8 rings, camouflage 1, gelatinous body 1,
(nimble swimmer 1), tentacles
a: Renounce Religion, Depart the Abyss


You were on level 4 of the Abyss.
You worshipped Lugonu.
Lugonu was aware of your devotion.
You visited 0 branches of the dungeon, and saw 0 of its levels.
You visited the Abyss 1 time.


Innate Abilities, Weirdness & Mutations

You cannot wear most types of armour.
You are amphibious.
You can wear up to eight rings at the same time.
Your skin changes colour to match your surroundings (Stealth+).
Your rubbery body absorbs attacks. (AC +1, EV +1)
((You are camouflaged near water. (Stealth+)))
You have tentacles for arms and can constrict up to eight enemies at once.


   Skills:
 + Level 4.0 Fighting
 + Level 3.2 Polearms
 + Level 3.5 Dodging
 + Level 3.4 Invocations


You had 4 spell levels left.
You didn't know any spells.
Your spell library contained the following spells:

 Spells                   Type           Power      Damage    Failure   Level
 Slow                     Hex            0%         N/A       38%         2
 Confusing Touch          Hex            0%         N/A       63%         3
 Yara's Violent Unravell  Hex/Tmut       0%         3d3       100%        5

Inventory:

Hand Weapons
 a - a +1 spear (weapon)
Jewellery
 E - a +4 ring of evasion (left tentacle)
   (You found it on level 2 of the Abyss)

Dungeon Overview and Level Annotations

Branches:
Dungeon (0/15)

Altars:

.. ... ...
......# ...
.......F#. .#
#..
#..##......+
##. #
..##......# .
..............#
. . ..........
≈.# #≈
#..##..##). .
∩# F ≈ ##x.##
.# ≈.# .#≈≈
#@####.##≈. #
.. .
###..##..F. #
#. .. .. .§ #
#. ... . ...# #
####.. ... ..
#...≈ .... .. #
##.≈≈ .....
.#.. ≈ ....
.....#....... #


You could see an ancient zyme and a blink frog.


Message History

b - a wand of paralysis (8)
You open the door. 4 blink frogs come into view.
The blink frog croaks.
The blink frog gives a loud, deep croak!
You hear a shout!
The blink frog blinks!
The blink frog croaks.
You hear a croak.
Aiming: Paralyse
Press: ? - help, Shift-Dir - straight line, f - blink frog
Aim: a blink frog (chance to affect: 28%)
The blink frog easily resists.
The blink frog blinks!
The blink frog blinks!
The blink frog blinks!
An ancient zyme comes into view.
You feel yourself growing ill in the presence of the ancient zyme.
You see here a +0 mace.
You feel ill.
You aren't carrying any scrolls.
You aren't carrying any potions.
The blink frog closely misses you.
The blink frog blinks!
Aiming: Paralyse
Press: ? - help, Shift-Dir - straight line, f/p - blink frog
Aim: a blink frog (chance to affect: 28%)
The blink frog easily resists.
Aiming: Paralyse
Press: ? - help, Shift-Dir - straight line, f/p - blink frog
Aim: a blink frog (chance to affect: 28%)
The blink frog easily resists.
Aiming: Paralyse
Press: ? - help, Shift-Dir - straight line, f/p - blink frog
Aim: a blink frog (chance to affect: 28%)
The blink frog suddenly stops moving!
The blink frog blinks!
The helpless blink frog fails to defend itself.
You hit the blink frog. You grab the blink frog. You squeeze the blink frog!
You constrict the blink frog.
The helpless blink frog fails to defend itself.
You hit the blink frog. You constrict the blink frog.
The helpless blink frog fails to defend itself.
You hit the blink frog. You constrict the blink frog.
The helpless blink frog fails to defend itself.
You hit the blink frog. You constrict the blink frog.
The blink frog blinks!
The helpless blink frog fails to defend itself.
You hit the blink frog. You squeeze the blink frog.
You constrict the blink frog.
The helpless blink frog fails to defend itself.
You hit the blink frog.
You kill the blink frog!
The blink frog blinks!
Your Fighting skill increases to level 4!
Your Polearms skill increases to level 3!
Your Dodging skill increases to level 3!
Your Invocations skill increases to level 3!
You have reached level 2!
You have reached level 3!
Your experience leads to an increase in your attributes!
Increase (S)trength, (I)ntelligence, or (D)exterity?
You feel stronger.
You have reached level 4!
You have reached level 5!
You feel clever. 😎 HP[+21]
You now have 37 max hp (+21).
Your hp is fully restored (37).
Aiming: Paralyse
Press: ? - help, Shift-Dir - straight line, f - ancient zyme
Aim: an ancient zyme (chance to affect: 15%)
The ancient zyme resists with almost no effort.
The substance of the Abyss twists violently, and a gateway leading out appears!
The ancient zyme misses you. The ancient zyme closely misses you.
You feel ill.
Aiming: Paralyse
Press: ? - help, Shift-Dir - straight line, f/p - ancient zyme
Aim: an ancient zyme (translocational energy, chance to affect: 15%)
The ancient zyme resists with almost no effort.
The ancient zyme misses you. The ancient zyme hits you.
You feel ill. 😕 HP[-6]
You take 6 damage, and now have 31/37 hp.
Aiming: Paralyse
Press: ? - help, Shift-Dir - straight line, f/p - ancient zyme
Aim: an ancient zyme (translocational energy, chance to affect: 15%)
The ancient zyme resists with almost no effort.
The ancient zyme hits you!
* * * LOW HITPOINT WARNING * * *
The ancient zyme misses you.
You feel ill. 😨 HP[-13]
You take 13 damage, and now have 18/37 hp.
MASSIVE DAMAGE!! (PAUSE)
Aiming: Paralyse
Press: ? - help, Shift-Dir - straight line, f/p - ancient zyme
Aim: an ancient zyme (chance to affect: 15%)
The ancient zyme resists with almost no effort.
The now-empty wand crumbles to dust.
The ancient zyme hits you!
* * * LOW HITPOINT WARNING * * *
The ancient zyme completely misses you.
You feel ill.
The blink frog blinks! 😱 HP[-15]
You take 15 damage, and now have 3/37 hp.
MASSIVE DAMAGE!! (PAUSE)
The ancient zyme barely misses you. The ancient zyme hits you!
You die...

Skill      XL: |  1 |
---------------+----+-----
Fighting       | 4 |  4.0
Polearms       | 3 |  3.2
Dodging        | 3 |  3.5
Invocations    | 3 |  3.4

Action                   |  1- 3 |  4- 6 || total
-------------------------+-------+-------++-------
Melee: Spear             |     6 |       ||     6
       Tentacles         |     2 |       ||     2
       Constrict         |     1 |       ||     1
Evoke: Wand              |     4 |     4 ||     8
 Stab: Paralysed         |     6 |       ||     6
Dodge: Dodged            |     1 |     6 ||     7

Levels and vault maps discovered:
Abyss:4:  base: Temple, evilmike_abyss_rune_siren_acolytes

Notes
Turn   | Place    | Note
-------+----------+-------------------------------------------
     0 | Abyss:1  | spiderkeys the Octopode Abyssal Knight began the quest for
                  | the Orb.
     0 | Abyss:1  | Reached XP level 1. HP: 16/16 MP: 2/2
     0 | Abyss:1  | magus.rc [v1.9.10]
    44 | Abyss:2  | You pick up a book of Misfortune and begin reading...
    44 | Abyss:2  | You add the spells Slow, Confusing Touch and Yara's Violent
                  | Unravelling to your library.
    49 | Abyss:3  | Noticed a tentacled monstrosity
    49 | Abyss:3  | Noticed a neqoxec
    49 | Abyss:3  | Found a corrupted altar of Lugonu.
    53 | Abyss:3  | Noticed a starcursed mass
    53 | Abyss:3  | Noticed a worldbinder
    53 | Abyss:3  | Noticed a wretched star
    53 | Abyss:3  | Noticed an ancient zyme
    53 | Abyss:3  | Noticed an ancient zyme
    56 | Abyss:3  | Noticed an apocalypse crab
    60 | Abyss:3  | You are cast deeper into the Abyss!
    70 | Abyss:4  | Noticed a blink frog
    70 | Abyss:4  | Noticed a blink frog
    70 | Abyss:4  | Noticed a blink frog
    70 | Abyss:4  | Noticed a blink frog
    77 | Abyss:4  | Noticed an ancient zyme
    94 | Abyss:4  | Killed a blink frog
    95 | Abyss:4  | Reached skill level 4 in Fighting
    95 | Abyss:4  | Reached skill level 3 in Polearms
    95 | Abyss:4  | Reached skill level 3 in Dodging
    95 | Abyss:4  | Reached skill level 3 in Invocations
    95 | Abyss:4  | Reached XP level 2. HP: 22/22 MP: 2/4
    95 | Abyss:4  | Reached XP level 3. HP: 27/27 MP: 2/5
    95 | Abyss:4  | Reached XP level 4. HP: 33/33 MP: 2/6
    95 | Abyss:4  | Reached XP level 5. HP: 37/37 MP: 2/7
    98 | Abyss:4  | HP: 3/37 [ancient zyme (15)]
    99 | Abyss:4  | Mangled by an ancient zyme

Vanquished Creatures
  A blink frog (Abyss:4)
1 creature vanquished.

Table legend:
 A = Non-vault XP
 B = Vault XP
 C = Vault XP percentage of total XP
 D = Non-vault monster count
 E = Vault monster count
 F = Vault count percentage of total count
                 A         B        C        D         E       F
            +---------+---------+-------+---------+---------+-------
      Total |       0 |     270 | 100.0 |       0 |       1 | 100.0
            +---------+---------+-------+---------+---------+-------
    Abyss:4 |       0 |     270 | 100.0 |       0 |       1 | 100.0
            +---------+---------+-------+---------+---------+-------

Illustrated notes

Table legend:
 A = Kills in this place as a percentage of kills in entire the game.
 B = Kills by you in this place as a percentage of kills by you in the entire game.
 C = Kills by friends in this place as a percentage of kills by friends in the entire game.
 D = Other kills in this place as a percentage of other kills in the entire game.
 E = Experience gained in this place as a percentage of experience gained in the entire game.
 F = Experience gained in this place divided by the number of levels of this place that you have seen.
                   A       B       C       D       E      F
               +-------+-------+-------+-------+-------+----------------------
         Total | 100.0 | 100.0 |   N/A |   N/A | 100.0 |  67.5
         Abyss | 100.0 | 100.0 |   N/A |   N/A | 100.0 |  67.5
               +-------+-------+-------+-------+-------+----------------------

Table legend: (Time is in decaauts)
 A = Elapsed time spent in this place.
 B = Non-inter-level travel time spent in this place.
 C = Inter-level travel time spent in this place.
 D = Time resting spent in this place.
 E = Time spent auto-exploring this place.
 F = Levels seen in this place.
 G = Mean time per level.
                   A        B        C        D        E       F      G
               +--------+--------+--------+--------+--------+-----+--------+
         Total |     97 |     97 |      0 |      0 |     25 |   4 |   24.2 |
         Abyss |     97 |     97 |      0 |      0 |     25 |   4 |   24.2 |
               +--------+--------+--------+--------+--------+-----+--------+

Top non-repeatable levels by time:
 Abyss:4: 38 daAuts
 Abyss:1: 32 daAuts
 Abyss:2: 16 daAuts
 Abyss:3: 10 daAuts
